[Event "ESP-ch U1700 2024"]
[Site "Albacete"]
[Date "2024.09.01"]
[Round "9.9"]
[White "Garcia Sahuquillo, Marcos Antonio"]
[Black "Fernandez Zaldivar, Antonio Manuel"]
[Result "1/2-1/2"]
[ECO "A46"]
[WhiteElo "1690"]
[BlackElo "1649"]
[Annotator "NA RC COMBH"]
[PlyCount "88"]
[EventDate "2024.08.27"]
[EventType "swiss"]
[EventCountry "ESP"]
[SourceTitle "playchess.com"]
[Source "ChessBase"]
[SourceQuality "1"]
[TimeControl "5400+30"]

1. d4 Nf6 2. Nf3 e6 3. g3 b6 4. Bg2 Bb7 5. O-O Be7 6. c4 O-O 7. Nbd2 c5 8. e3 d5 9. cxd5 Bxd5 10. Qc2 Na6 11. a3 Rc8 12. Qd3 Nc7 13. b3 cxd4 14. exd4 a6 15. Bb2 b5 16. Rac1 Nce8 17. Rxc8 Qxc8 18. Rc1 Qb7 19. Ne1 Nd6 20. Bxd5 Nxd5 21. Ne4 Nxe4 22. Qxe4 Bf6 23. Nd3 Rc8 24. Nc5 Qa7 25. b4 h6 26. h3 a5 27. Ra1 Qb6 28. Nd7 Qd8 29. Nxf6+ Qxf6 30. bxa5 Qd8 31. a6 Qa5 32. Qd3 Qxa6 33. a4 Rc4 34. axb5 Qc8 35. Ra8 Qxa8 36. Qxc4 Qb8 37. Qc6 Qa7 38. Qc5 Qa5 39. Ba3 Qe1+ 40. Kg2 Qe4+ 41. Kf1 Qd3+ 42. Kg1 Qb1+ 43. Bc1 Kh7 44. Kg2 Qe4+ 1/2-1/2